General information
			
			
        
        - name: BNet
 
        - type: Ladder team game (AT/RT)
 
        - host: Battle.net
 
        - saver: GoDiePlz
 
        
map: Cherryville 
        - players: 8
 
        - length: 27:32
 
        - speed: Fast
 - version: 1.22 W3XP
 - replay type:  Public
 
» download(257 KB)
Players
        team 1 (winner) 
              
              
298739283939208 (
purple | 82 APM | 2246 actions | 27:31)
              
 4 Demon Hunter 
 3 Immolation
 1 Evasion
 
                » actions 
                
                | Assign group hotkey | 46 |  | 
| Build / train | 63 |  | 
| ESC pressed | 5 |  | 
| Enter build submenu | 15 |  | 
| Enter hero's abilities submenu | 4 |  | 
| Give item / drop item | 1 |  | 
| Remove unit from queue | 1 |  | 
| Right click | 830 |  | 
| Select / deselect | 447 |  | 
| Select group hotkey | 733 |  | 
| Use ability | 99 |  | 
                2246 total
 » units 
                » upgrades
                
                | Strength of the Wild | 2 |  | 
| Reinforced Hides | 1 |  | 
                3 total
 » buildings
                
                | Altar of Elders | 1 |  | 
| Moon Well | 6 |  | 
| Tree of Life | 1 |  | 
| Tree of Ages | 1 |  | 
| Hunter's Hall | 1 |  | 
| Ancient of Wind | 3 |  | 
                13 total
 » build order
                00:07 Altar of Elders
00:19 Moon Well
04:04 Tree of Life
16:17 Tree of Ages
16:20 Hunter's Hall
16:25 Moon Well
16:28 Moon Well
16:30 Moon Well
16:35 Moon Well
18:41 Ancient of Wind
18:44 Ancient of Wind
19:26 Ancient of Wind
20:34 Moon Well
» items
                
                | Potion of Healing | 2 |  | 
| Scroll of Healing | 4 |  | 
| Potion of Mana | 1 |  | 
| Scroll of Town Portal | 3 |  | 
| Orb of Corruption | 1 |  | 
| Tiny Great Hall | 1 |  | 
| Scroll of Speed | 1 |  | 
| Healing Salve | 1 |  | 
                14 total
  
               
              
              
EurovisionisGG (
yellow | 59 APM | 1619 actions | 27:31)
              
 5 Blademaster 
 3 Wind Walk
 2 Critical Strike
 
                » actions 
                
                | Assign group hotkey | 131 |  | 
| Basic commands | 12 |  | 
| Build / train | 47 |  | 
| ESC pressed | 1 |  | 
| Enter build submenu | 12 |  | 
| Enter hero's abilities submenu | 5 |  | 
| Give item / drop item | 4 |  | 
| Remove unit from queue | 2 |  | 
| Right click | 844 |  | 
| Select / deselect | 126 |  | 
| Select group hotkey | 348 |  | 
| Use ability | 87 |  | 
                1619 total
 » units 
                » buildings
                
                | Altar of Storms | 2 |  | 
| Orc Burrow | 1 |  | 
| Voodoo Lounge | 1 |  | 
| War Mill | 2 |  | 
| Watch Tower | 4 |  | 
| Stronghold | 1 |  | 
                11 total
 » build order
                00:07 Altar of Storms
00:14 Orc Burrow
00:22 Voodoo Lounge
01:53 War Mill
04:11 Watch Tower
04:34 Watch Tower
04:36 Watch Tower
05:46 Watch Tower
20:16 War Mill
23:48 Stronghold
26:13 Altar of Storms
» items
                
                | Healing Salve | 4 |  | 
| Lesser Clarity Potion | 4 |  | 
| Boots of Speed | 1 |  | 
| Staff of Teleportation | 1 |  | 
| Scroll of Protection | 2 |  | 
| Scroll of Healing | 2 |  | 
| Potion of Mana | 1 |  | 
| Tiny Great Hall | 2 |  | 
| Orb of Lightning | 1 |  | 
                18 total
  
               
              
              
GoDiePlz (
teal | 72 APM | 1992 actions | 27:32)
              
 6 Death Knight 
 3 Death Coil
 3 Unholy Aura
 4 Lich 
 2 Frost Nova
 2 Dark Ritual
 3 Dreadlord 
 2 Sleep
 1 Carrion Swarm
 
                » actions 
                
                | Assign group hotkey | 22 |  | 
| Basic commands | 209 |  | 
| Build / train | 67 |  | 
| Enter build submenu | 21 |  | 
| Enter hero's abilities submenu | 14 |  | 
| Give item / drop item | 4 |  | 
| Right click | 870 |  | 
| Select / deselect | 266 |  | 
| Select group hotkey | 423 |  | 
| Use ability | 96 |  | 
                1992 total
 » units 
                
                | Acolyte | 2 |  | 
| Ghoul | 1 |  | 
| Crypt Fiend | 5 |  | 
| Frost Wyrm | 8 |  | 
                16 total
 » upgrades
                
                | Creature Attack | 3 |  | 
| Creature Carapace | 3 |  | 
| Web | 1 |  | 
| Freezing Breath | 1 |  | 
                8 total
 » buildings
                
                | Crypt | 1 |  | 
| Graveyard | 1 |  | 
| Altar of Darkness | 1 |  | 
| Ziggurat | 10 |  | 
| Tomb of Relics | 2 |  | 
| Halls of the Dead | 2 |  | 
| Black Citadel | 1 |  | 
| Spirit Tower | 9 |  | 
| Sacrificial Pit | 1 |  | 
| Boneyard | 5 |  | 
                33 total
 » build order
                00:05 Crypt
00:18 Graveyard
00:42 Altar of Darkness
00:55 Ziggurat
01:11 Tomb of Relics
01:23 Ziggurat
02:21 Halls of the Dead
02:21 Halls of the Dead
02:32 Ziggurat
03:41 Ziggurat
04:44 Black Citadel
05:29 Ziggurat
06:41 Spirit Tower
07:09 Sacrificial Pit
08:06 Boneyard
08:13 Boneyard
08:16 Boneyard
08:21 Ziggurat
10:57 Boneyard
11:10 Boneyard
11:40 Ziggurat
13:46 Ziggurat
16:26 Tomb of Relics
17:00 Spirit Tower
17:19 Spirit Tower
17:20 Spirit Tower
17:45 Spirit Tower
21:08 Spirit Tower
22:25 Spirit Tower
24:50 Ziggurat
24:53 Ziggurat
25:51 Spirit Tower
25:53 Spirit Tower
» items
                
                | Rod of Necromancy | 2 |  | 
| Scroll of Town Portal | 6 |  | 
| Potion of Healing | 2 |  | 
| Orb of Corruption | 1 |  | 
| Potion of Mana | 2 |  | 
| Scroll of Healing | 2 |  | 
                15 total
  
               
              
              
TIMG4STRok (
pink | 144 APM | 3955 actions | 27:30)
              
 6 Shadow Hunter 
 2 Hex
 3 Healing Wave
 1 Big Bad Voodoo
 5 Tauren Chieftain 
 3 Endurance Aura
 2 Shockwave
 
                » actions 
                
                | Assign group hotkey | 41 |  | 
| Basic commands | 172 |  | 
| Build / train | 80 |  | 
| ESC pressed | 3 |  | 
| Enter build submenu | 24 |  | 
| Enter hero's abilities submenu | 13 |  | 
| Give item / drop item | 6 |  | 
| Right click | 1411 |  | 
| Select / deselect | 284 |  | 
| Select group hotkey | 1776 |  | 
| Use ability | 145 |  | 
                3955 total
 » units 
                
                | Peon | 7 |  | 
| Grunt | 4 |  | 
| Shaman | 3 |  | 
| Troll Witch Doctor | 2 |  | 
| Tauren | 6 |  | 
| Spirit Walker | 2 |  | 
| Troll Batrider | 9 |  | 
                33 total
 » upgrades
                
                | Shaman Training | 2 |  | 
| Witch Doctor Training | 2 |  | 
| Armor | 2 |  | 
| Reinforced Defenses | 1 |  | 
| Spirit Walker Training | 2 |  | 
| Pulverize | 1 |  | 
| Melee Weapons | 2 |  | 
| Spiked Barricades | 1 |  | 
| Liquid Fire | 1 |  | 
| Ranged Weapons | 1 |  | 
                15 total
 » buildings
                
                | Altar of Storms | 1 |  | 
| Orc Burrow | 10 |  | 
| Barracks | 2 |  | 
| Voodoo Lounge | 1 |  | 
| Stronghold | 3 |  | 
| War Mill | 1 |  | 
| Fortress | 1 |  | 
| Spirit Lodge | 4 |  | 
| Tauren Totem | 2 |  | 
| Beastiary | 2 |  | 
                27 total
 » build order
                00:10 Altar of Storms
00:20 Orc Burrow
00:38 Barracks
00:40 Barracks
01:15 Orc Burrow
01:57 Voodoo Lounge
02:30 Stronghold
02:30 Stronghold
02:40 Orc Burrow
03:41 War Mill
04:36 Orc Burrow
04:41 Orc Burrow
04:43 Orc Burrow
04:51 Fortress
05:06 Spirit Lodge
05:08 Spirit Lodge
05:11 Spirit Lodge
05:12 Spirit Lodge
08:04 Tauren Totem
08:04 Tauren Totem
08:10 Orc Burrow
14:56 Beastiary
18:51 Orc Burrow
18:51 Orc Burrow
18:54 Orc Burrow
18:57 Beastiary
» items
                
                | Healing Salve | 2 |  | 
| Lesser Clarity Potion | 5 |  | 
| Scroll of Town Portal | 5 |  | 
| Orb of Lightning | 2 |  | 
| Potion of Healing | 1 |  | 
                15 total
  
               team 2 (loser) 
              
              
Baslim (
blue | 80 APM | 567 actions | 07:04)
              
 3 Archmage 
 2 Summon Water Elemental
 1 Brilliance Aura
 
                » actions 
                
                | Assign group hotkey | 23 |  | 
| Basic commands | 61 |  | 
| Build / train | 35 |  | 
| ESC pressed | 2 |  | 
| Enter build submenu | 10 |  | 
| Enter hero's abilities submenu | 3 |  | 
| Remove unit from queue | 1 |  | 
| Right click | 124 |  | 
| Select / deselect | 142 |  | 
| Select group hotkey | 144 |  | 
| Use ability | 22 |  | 
                567 total
 » units 
                
                | Peasant | 14 |  | 
| Footman | 6 |  | 
| Rifleman | 4 |  | 
                24 total
 » upgrades
                » buildings
                
                | Altar of Kings | 1 |  | 
| Barracks | 1 |  | 
| Farm | 4 |  | 
| Scout Tower | 2 |  | 
| Lumber Mill | 1 |  | 
| Arcane Tower | 1 |  | 
| Blacksmith | 1 |  | 
| Guard Tower | 1 |  | 
| Keep | 2 |  | 
                14 total
 » build order
                00:12 Altar of Kings
00:21 Barracks
00:39 Farm
01:00 Farm
01:44 Scout Tower
01:55 Lumber Mill
02:12 Arcane Tower
02:38 Blacksmith
04:12 Scout Tower
04:42 Guard Tower
04:44 Keep
04:54 Farm
05:32 Farm
05:51 Keep
 
               
              
              
dragon_tamer85 (
red | 184 APM | 4984 actions | 27:05)
              
 3 Death Knight 
 1 Unholy Aura
 2 Death Coil
 3 Blood Mage 
 1 Banish
 2 Flame Strike
 2 Lich 
 1 Frost Nova
 1 Frost Armor
 1 Archmage 
 1 Brilliance Aura
 
                » actions 
                
                | Assign group hotkey | 44 |  | 
| Basic commands | 14 |  | 
| Build / train | 103 |  | 
| Enter build submenu | 30 |  | 
| Enter hero's abilities submenu | 9 |  | 
| Give item / drop item | 4 |  | 
| Remove unit from queue | 1 |  | 
| Right click | 1235 |  | 
| Select / deselect | 1202 |  | 
| Select group hotkey | 2203 |  | 
| Use ability | 139 |  | 
                4984 total
 » units 
                
                | Acolyte | 11 |  | 
| Ghoul | 3 |  | 
| Crypt Fiend | 11 |  | 
| Rifleman | 14 |  | 
| Peasant | 2 |  | 
| Obsidian Statue | 5 |  | 
| Sorceress | 8 |  | 
| Mortar Team | 7 |  | 
| Priest | 2 |  | 
                63 total
 » upgrades
                
                | Burrow | 1 |  | 
| Long Rifles | 1 |  | 
| Lumber Harvesting | 1 |  | 
| Web | 1 |  | 
| Destroyer Form | 1 |  | 
| Gunpowder | 1 |  | 
| Armor | 1 |  | 
                7 total
 » buildings
                
                | Crypt | 1 |  | 
| Graveyard | 1 |  | 
| Altar of Darkness | 1 |  | 
| Ziggurat | 6 |  | 
| Tomb of Relics | 1 |  | 
| Nerubian Tower | 2 |  | 
| Halls of the Dead | 1 |  | 
| Arcane Vault | 1 |  | 
| Farm | 9 |  | 
| Slaughterhouse | 2 |  | 
| Black Citadel | 1 |  | 
| Arcane Sanctum | 1 |  | 
| Workshop | 1 |  | 
| Necropolis | 1 |  | 
| Town Hall | 3 |  | 
                32 total
 » build order
                00:05 Crypt
00:09 Graveyard
00:43 Altar of Darkness
00:56 Ziggurat
01:31 Tomb of Relics
02:02 Ziggurat
02:35 Nerubian Tower
04:29 Ziggurat
05:22 Halls of the Dead
07:20 Arcane Vault
07:24 Farm
07:44 Slaughterhouse
08:14 Black Citadel
09:45 Arcane Sanctum
10:47 Slaughterhouse
11:06 Ziggurat
11:15 Farm
11:34 Workshop
13:22 Farm
15:08 Farm
15:22 Necropolis
16:22 Farm
17:07 Farm
17:08 Farm
17:10 Farm
17:10 Farm
22:03 Ziggurat
22:04 Ziggurat
22:57 Nerubian Tower
25:39 Town Hall
25:49 Town Hall
26:08 Town Hall
» items
                
                | Rod of Necromancy | 2 |  | 
| Potion of Mana | 1 |  | 
| Dust of Appearance | 1 |  | 
| Scroll of Regeneration | 1 |  | 
| Scroll of Town Portal | 6 |  | 
| Potion of Healing | 1 |  | 
| Orb of Corruption | 1 |  | 
                13 total
  
               
              
              
JackHerra. (
green | 65 APM | 1755 actions | 27:11)
              
 4 Death Knight 
 2 Death Coil
 1 Unholy Aura
 1 Death Pact
 1 Lich 
 1 Frost Nova
 
                » actions 
                
                | Assign group hotkey | 108 |  | 
| Basic commands | 174 |  | 
| Build / train | 41 |  | 
| ESC pressed | 3 |  | 
| Enter build submenu | 14 |  | 
| Enter hero's abilities submenu | 5 |  | 
| Give item / drop item | 1 |  | 
| Right click | 748 |  | 
| Select / deselect | 376 |  | 
| Select group hotkey | 190 |  | 
| Use ability | 94 |  | 
                1755 total
 » units 
                
                | Acolyte | 2 |  | 
| Ghoul | 2 |  | 
| Crypt Fiend | 8 |  | 
| Obsidian Statue | 8 |  | 
| Abomination | 1 |  | 
                21 total
 » upgrades
                » buildings
                
                | Graveyard | 1 |  | 
| Crypt | 1 |  | 
| Ziggurat | 6 |  | 
| Altar of Darkness | 1 |  | 
| Tomb of Relics | 1 |  | 
| Halls of the Dead | 2 |  | 
| Black Citadel | 1 |  | 
| Slaughterhouse | 3 |  | 
| Spirit Tower | 2 |  | 
                18 total
 » build order
                00:05 Graveyard
00:07 Crypt
00:39 Ziggurat
01:01 Altar of Darkness
01:27 Ziggurat
01:57 Tomb of Relics
04:25 Ziggurat
04:28 Halls of the Dead
04:29 Halls of the Dead
07:16 Black Citadel
08:41 Slaughterhouse
08:42 Slaughterhouse
11:21 Spirit Tower
11:23 Ziggurat
11:25 Ziggurat
11:44 Slaughterhouse
17:18 Ziggurat
18:27 Spirit Tower
» items
                
                | Rod of Necromancy | 3 |  | 
| Scroll of Town Portal | 2 |  | 
| Orb of Corruption | 1 |  | 
                6 total
  
               
              
              
Vindictive- (
orange | 64 APM | 1761 actions | 27:30)
              
 5 Tauren Chieftain 
 3 War Stomp
 2 Endurance Aura
 
                » actions 
                
                | Build / train | 61 |  | 
| Enter build submenu | 16 |  | 
| Enter hero's abilities submenu | 5 |  | 
| Give item / drop item | 3 |  | 
| Right click | 1103 |  | 
| Select / deselect | 462 |  | 
| Use ability | 111 |  | 
                1761 total
 » units 
                
                | Peon | 7 |  | 
| Troll Headhunter/Berserker | 15 |  | 
| Shaman | 5 |  | 
                27 total
 » upgrades
                
                | Ranged Weapons | 2 |  | 
| Armor | 3 |  | 
| Troll Regeneration | 1 |  | 
| Shaman Training | 2 |  | 
| Berserker Upgrade | 1 |  | 
| Reinforced Defenses | 1 |  | 
                10 total
 » buildings
                
                | Altar of Storms | 1 |  | 
| Orc Burrow | 10 |  | 
| War Mill | 1 |  | 
| Barracks | 2 |  | 
| Voodoo Lounge | 1 |  | 
| Stronghold | 2 |  | 
| Fortress | 1 |  | 
| Spirit Lodge | 1 |  | 
                19 total
 » build order
                00:03 Altar of Storms
00:05 Orc Burrow
00:53 War Mill
01:22 Barracks
01:47 Barracks
02:09 Orc Burrow
02:51 Orc Burrow
04:12 Voodoo Lounge
04:43 Stronghold
04:43 Stronghold
06:13 Orc Burrow
07:19 Fortress
07:24 Spirit Lodge
12:19 Orc Burrow
15:31 Orc Burrow
16:25 Orc Burrow
16:30 Orc Burrow
17:48 Orc Burrow
17:51 Orc Burrow
» items
                
                | Healing Salve | 4 |  | 
| Scroll of Speed | 2 |  | 
| Potion of Healing | 4 |  | 
| Scroll of Town Portal | 3 |  | 
| Lesser Clarity Potion | 1 |  | 
| Potion of Lesser Invulnerability | 1 |  | 
                15 total
  
                Chat log
          (00:49 / Allies) EurovisionisGG: do you even know
(00:50 / All) TIMG4STRok: gl hf....
(00:52 / Allies) EurovisionisGG: who talons is
(00:58 / Allies) EurovisionisGG: he invented bm creep
(00:58 / All) JackHerra.: take it easy were new
(01:03 / All) TIMG4STRok: ok...........
(01:07 / All) JackHerra.: gggl
(01:22 / All) JackHerra.: there talking about fucking military shit
(01:25 / All) JackHerra.: my teams a bunch of nerds
(01:30 / Allies) EurovisionisGG: he invented the get hero strat
(01:32 / All) GoDiePlz: Every major strat can be attributed to talonsareimba
(01:35 / Allies) EurovisionisGG: you get a hero its insanse
(01:37 / All) TIMG4STRok: we gonna drop some sun tzu shit on you this game hope you ready
(01:41 / Allies) EurovisionisGG: before noone would get heros
(01:47 / All) Baslim: u read it?
(02:05 / All) Baslim: read clauswitz?
(03:29 / All) GoDiePlz: immo first dh - talonsareimba
(03:37 / All) GoDiePlz: all him
(03:38 / All) JackHerra.: actually
(03:43 / All) JackHerra.: n1.deez on RoC to stop a ghoul rush
(03:44 / All) JackHerra.: with dk
(03:47 / All) GoDiePlz: Im sure
(03:52 / All) GoDiePlz: u dont know jack shit
(03:57 / All) JackHerra.: im positive
(04:03 / All) JackHerra.: fast hunts
(04:05 / All) JackHerra.: wouldnt work
(04:10 / All) JackHerra.: vs ghoul rush back on RoC
(04:14 / All) JackHerra.: so you had to get dh with immo
(04:16 / All) GoDiePlz: U DUN KNOW SHIT
(23:21 / All) dragon_tamer85: god u guys are shit
(23:29 / All) EurovisionisGG: we win...
(23:34 / All) dragon_tamer85: no kidding
(23:38 / All) 298739283939208: you guys are the SHIT!
(25:31 / All) GoDiePlz: WHO GONNA WIN
(25:36 / All) GoDiePlz: BASE RACE
(27:09 / All) JackHerra.: gg
(27:27 / All) Vindictive-: TC FOREVER